Description

Build shown by Beasty in his TvP Bio Guide Video

https://www.youtube.com/watch?v=gYrY76NYx4M&t=2s

VOD

https://www.youtube.com/watch?v=gYrY76NYx4M

Replay - Guide - How to play Terran vs Protoss in 2020! by Beastyqt

Build Order

Get SALT Encoding   

  14  0:17  Supply Depot  
  15  0:40  Barracks  
  16  0:46  Refinery  
  19  1:28  Reaper  
  19  1:29  Orbital Command  
  20  1:44  Command Center  
  20  1:56  SCV  
  20  1:57  Supply Depot  
  20  2:00  Marine  
  22  2:08  SCV  
  23  2:11  Factory  
  23  2:20  SCV  
  23  2:22  Barracks Reactor  
  24  2:25  Bunker  
  24  2:28  Refinery  
  26  2:57  Starport  
  27  2:59  Orbital Command  
  34  3:24  Supply Depot  
  44  3:47  Supply Depot  
  51  4:09  Starport Tech Lab  
  53  4:11  Barracks x2  
  54  4:17  Supply Depot  
  54  4:19  Factory Tech Lab  
  57  4:25  Refinery  
  68  4:55  Engineering Bay  
  79  5:23  Stimpack  
  79  5:24  Starport Reactor  
  79  5:25  Barracks Tech Lab  
  83  5:32  Terran Infantry Weapons Level 1  
  84  5:36  Refinery  
  84  5:45  Combat Shield  
  87  5:58  Command Center  
Spawning Tool Build Advisor. Get it on Overwolf

Go to:

Details

  • Created by: pnken
  • Published on: Jan 26, 2020
  • Modified on: Jan 26, 2020
  • Patch: 4.11.0
Show
View Real Time Build Order
Export as new Build Order

Comments (0)

There are no comments. Be the first!

Create an account to comment!